Workbook
Name a: #REF!
Name A_Obj1: OFFSET(#REF!,0,0,COUNTA(#REF!)-1,1)
Name A_Obj1: OFFSET(#REF!,0,0,COUNTA(#REF!)-1,1)
Name A_Obj1: OFFSET(#REF!,0,0,COUNTA(#REF!)-1,1)
Name A_Obj1: OFFSET(#REF!,0,0,COUNTA(#REF!)-1,1)
Name A_Obj1: OFFSET(#REF!,0,0,COUNTA(#REF!)-1,1)
Name A_Obj1: OFFSET(#REF!,0,0,COUNTA(#REF!)-1,1)
Name A_Obj1: OFFSET(#REF!,0,0,COUNTA(#REF!)-1,1)
Name A_Obj2: OFFSET(#REF!,0,0,COUNTA(#REF!)-1,1)
Name A_Obj2: OFFSET(#REF!,0,0,COUNTA(#REF!)-1,1)
Name A_Obj2: OFFSET(#REF!,0,0,COUNTA(#REF!)-1,1)
Name A_Obj2: OFFSET(#REF!,0,0,COUNTA(#REF!)-1,1)
Name A_Obj2: OFFSET(#REF!,0,0,COUNTA(#REF!)-1,1)
Name A_Obj2: OFFSET(#REF!,0,0,COUNTA(#REF!)-1,1)
Name A_Obj2: OFFSET(#REF!,0,0,COUNTA(#REF!)-1,1)
Name A_Obj3: OFFSET(#REF!,0,0,COUNTA(#REF!)-1,1)
Name A_Obj3: OFFSET(#REF!,0,0,COUNTA(#REF!)-1,1)
Name A_Obj3: OFFSET(#REF!,0,0,COUNTA(#REF!)-1,1)
Name A_Obj3: OFFSET(#REF!,0,0,COUNTA(#REF!)-1,1)
Name A_Obj3: OFFSET(#REF!,0,0,COUNTA(#REF!)-1,1)
Name A_Obj3: OFFSET(#REF!,0,0,COUNTA(#REF!)-1,1)
Name A_Obj3: OFFSET(#REF!,0,0,COUNTA(#REF!)-1,1)
Name A_Obj4: OFFSET(#REF!,0,0,COUNTA(#REF!)-1,1)
Name A_Obj4: OFFSET(#REF!,0,0,COUNTA(#REF!)-1,1)
Name A_Obj4: OFFSET(#REF!,0,0,COUNTA(#REF!)-1,1)
Name A_Obj4: OFFSET(#REF!,0,0,COUNTA(#REF!)-1,1)
Name A_Obj4: OFFSET(#REF!,0,0,COUNTA(#REF!)-1,1)
Name A_Obj4: OFFSET(#REF!,0,0,COUNTA(#REF!)-1,1)
Name A_Obj4: OFFSET(#REF!,0,0,COUNTA(#REF!)-1,1)
Name Acc_1: #REF!
Name Acc_1: #REF!
Name Acc_1: #REF!
Name Acc_1: #REF!
Name Acc_1: #REF!
Name Acc_1: #REF!
Name Acc_1: #REF!
Name Acc_1234: #REF!
Name Acc_1234: #REF!
Name Acc_1234: #REF!
Name Acc_2: #REF!
Name Acc_2: #REF!
Name Acc_2: #REF!
Name Acc_2: #REF!
Name Acc_2: #REF!
Name Acc_2: #REF!
Name Acc_2: #REF!
Name Acc_3: #REF!
Name Acc_3: #REF!
Name Acc_3: #REF!
Name Acc_3: #REF!
Name Acc_3: #REF!
Name Acc_3: #REF!
Name Acc_3: #REF!
Name Acc_4: #REF!
Name Acc_4: #REF!
Name Acc_4: #REF!
Name Acc_4: #REF!
Name Acc_4: #REF!
Name Acc_4: #REF!
Name Acc_4: #REF!

Sheet Consolidado
B5: Resultados Seguimiento Plan Anticorrupción y de Atención al Ciudadano 2020 corte 30-abril-2020
B6: Selecciona el componente que desea consultar: | C6: % Avance reportado por el responsable | D6: % Avance verificado por la OCI | E6: Nivel de Cumplimiento verificado por la OCI
B8: Componente 1: Mapa de riesgos de corrupción y medidas para mitigar los riesgos | C8: =+'1.Riesgos corrupción'!F16 -> 0.57454545 | D8: =+'1.Riesgos corrupción'!H16 -> 0.57454545 | E8: =+IF(AND(D8>=0,D8<=0.59),"ZONA BAJA",IF(AND(D8>=0.6,D8<=0.79),"ZONA MEDIA","ZONA ALTA")) -> ZONA BAJA
B10: Componente 2: Racionalización (Estrategia antitrámites) | C10: =+'2.Racionalización'!F8 -> 0.34333333 | D10: =+'2.Racionalización'!H8 -> 0.27666667 | E10: =+IF(AND(D10>=0,D10<=0.59),"ZONA BAJA",IF(AND(D10>=0.6,D10<=0.79),"ZONA MEDIA","ZONA ALTA")) -> ZONA BAJA
B12: Componente 3. Rendición de cuentas | C12: =+'3.Rendición de Cuentas'!F22 -> 0.31588235 | D12: =+'3.Rendición de Cuentas'!H22 -> 0.31529412 | E12: =+IF(AND(D12>=0,D12<=0.59),"ZONA BAJA",IF(AND(D12>=0.6,D12<=0.79),"ZONA MEDIA","ZONA ALTA")) -> ZONA BAJA
B14: Componente 4. Atención al Ciudadano | C14: =+'4.Atencion al Ciudadano'!F19 -> 0.32785714 | D14: =+'4.Atencion al Ciudadano'!H19 -> 0.32785714 | E14: =+IF(AND(D14>=0,D14<=0.59),"ZONA BAJA",IF(AND(D14>=0.6,D14<=0.79),"ZONA MEDIA","ZONA ALTA")) -> ZONA BAJA
B16: Componente 5. Transparencia y Acceso a la Información | C16: =+'5.Transparencia '!F15 -> 0.304 | D16: =+'5.Transparencia '!H15 -> 0.304 | E16: =+IF(AND(D16>=0,D16<=0.59),"ZONA BAJA",IF(AND(D16>=0.6,D16<=0.79),"ZONA MEDIA","ZONA ALTA")) -> ZONA BAJA
B18: Componente 6: Iniciativas adicionales | C18: =+'6. Iniciativas adicionales.'!F6 -> 0 | D18: =+'6. Iniciativas adicionales.'!H6 -> 0 | E18: =+IF(AND(D18>=0,D18<=0.59),"ZONA BAJA",IF(AND(D18>=0.6,D18<=0.79),"ZONA MEDIA","ZONA ALTA")) -> ZONA BAJA
B20: TOTAL | C20: =AVERAGE(C8:C18) -> 0.31093638 | D20: =AVERAGE(D8:D18) -> 0.29972723 | E20: =+IF(AND(D20>=0,D20<=0.59),"ZONA BAJA",IF(AND(D20>=0.6,D20<=0.79),"ZONA MEDIA","ZONA ALTA")) -> ZONA BAJA
D22: 0 a 59% | E22: ZONA BAJA
D23: De 60 a 79% | E23: ZONA MEDIA
D24: de 80 a 100% | E24: ZONA ALTA

Sheet 1.Riesgos corrupción
A2: PLAN ANTICORRUPCIÓN Y DE ATENCIÓN AL CIUDADANO 2020
A3: Componente 1: Mapa de riesgos de corrupción y medidas para mitigar los riesgos | F3: Seguimiento Primera Línea de Defensa Primer Cuatrimestre 2020 | H3: Seguimiento Tercera Línea de Defensa Primer Cuatrimestre 2020
A4: Subcomponente | B4: Acción | C4: Meta o producto | D4: Responsable | E4: Fecha programada | F4: Avance Cuantitativo | G4: Avance Cualitativo | H4: Avance Cuantitativo OCI | I4: Observaciones OCI
A5: Subcomponente - Proceso 1: Política de Administración de Riesgos | B5: Socializar y promover la aplicación de la política de administración del riesgo del Ministerio del Deporte y los documentos relacionados. | C5: Siete (7) socializaciones mediante piezas comunicativas enviadas por correo electrónico institucional | D5: Oficina Asesora de Planeación/ GIT Comunicaciones | E5: 43951 | F5: 1 | G5: Se desarrollaron las actividades de socialización de la Política de administración del riesgo, formato mapa de riesgos y del procedimiento de administración del riesgo a través de 7 entérates con el apoyo del GIT de Comunicaciones. | H5: =+F5 -> 1 | I5: Sin observación
B6: Realizar mesas de trabajo con los responsables y/o personal asignado de cada uno de los procesos de la Entidad, para socializar la aplicación de la política de administración del riesgo y el formato de mapa de riesgos. | C6: Mesas de trabajo realizadas con cada proceso de la Entidad | D6: Oficina Asesora de Planeación | E6: 43861 | F6: 1 | G6: En el marco de la implementación de la política de administración del riesgo, se efectuaron mesas de trabajo con cada uno de los procesos del Ministerio del Deporte, en las cuales se socializó detalladamente la política de administración del riesgo, asi como el diligenciamiento del formato de mapa de riesgos actualizado. NOTA: Existen actas físicas que se encuentran en las instalaciones del Ministerio, que no alcanzaron a ser escaneadas antes de la declaración de emergencía en el país. | H6: =+F6 -> 1 | I6: De acuerdo con la réplica recibida de la Oficina Asesora de Planeación se aclara que la OCI no pudo verificar las actas físicas de ejecución de la presente actividad, debido a lo indicado por el responsable, y que estas serán objeto de verificación en el próximo seguimiento.
A7: Subcomponente - Proceso 2: Construcción del Mapa de Riesgos de Corrupción | B7: Formular el mapa de riesgos institucional de corrupción, atendiendo los lineamientos de la política de administración del riesgo vigente en la Entidad. | C7: Un (1) mapa de Riesgos de Corrupción Institucional. | D7: Líderes de Proceso / Oficina Asesora de Planeación | E7: 43861 | F7: 1 | G7: Con corte al 31 de enero de 2020, se formuló el mapa de riesgos institucional de corrupción que incluía los riesgos de corrupción de los procesos Gestión TIC´s, Gestión de Comunicaciones, Gestión Jurídica, Altos Logros y Segumiento y Evaluación de la gestión, lo cuales fueron identificados y remitidos oportunamente a la Oficina Asesora de Planeación. Teniendo en cuenta lo anterior, la Oficina Asesora de Planeación reitero en repetidas ocasiones la solicitud de formulación de los riesgos de corrupción a los procesos que no los habían identificado; no obstante se generó nueva versión del mapa de riesgos de corrupción incluyendo los riesgos de 14 de los 17 procesos de la Entidad, teniendo en cuenta que los procesos de Planeación Estratégica, Gestión Organizacional y Formulación y Adopción de Políticas, Planes y Programas determinaron no tener riesgos de corrupción como consta en las justificaciones presentadas en las evidencias de la presente actividad. | H7: =+F7 -> 1 | I7: No obstante lo indicado por el responsable en lo relacionado con tres (3) procesos que determinaron no tener riesgos de corrupción, nos permitimos recomendar revisar lo establecido en la  Guía para la Administración de los Riesgos de Gestión, Corrupción y Seguridad Digital y el Diseño de Controles en Entidades Públicas, versión 4 de octubre de 2018 sobre "Procesos, procedimientos o actividades susceptibles de riesgos de corrupción.".
B8: Brindar apoyo y asesoría en la identificación y valoración de riesgos de corrupción a los procesos de la Entidad. | C8: Mesas de tabajo realizadas de acuerdo a lo requerido por los procesos de la Entidad | D8: Oficina Asesora de Planeación | E8: 44180 | F8: 1 | G8: Durante el primer cuatrimestre de la vigencia 2020, la Oficina Asesora de Planeación brindó el acompañamiento y asesoría a los procesos de manera presencial y virtual, en la identificación y valoración de riesgos de corrupción y gestión. Se reporta la actividad cumplida teniendo en cuenta que se realiza principalmente en la etapa de formulación de los mapas de riesgo y que se dio cobertura a todos los procesos de la Entidad, no obstante en lo restante de la vigencia, la OAP se mantendrá su disposición para continuar con este ejercicio de apoyo y asesoría a los procesos. | H8: =+F8 -> 1 | I8: Sin observación
B9: Actualizar los riesgos de corrupción de los procesos de acuerdo a los resultados de la implementación de los planes de tratamiento definidos para los riesgos | C9: Un (1) mapa de Riesgos de Corrupción Institucional actualizado | D9: Líderes de Proceso / Oficina Asesora de Planeación | E9: 44180 | F9: 0.33 | G9: Se realizaron ajustes a los riesgos de corrupción de los procesos de altos logros y gestión juridica, de acuerdo a lo conceptuado por la Oficina de Control Interno en el marco del seguimiento a la elaboración del Plan Anticorrupción y de Atención al Ciudadano y Mapa de Riesgos de Corrupción 2020 con radicado N° 2020IE0001010. Los riesgos de corrupción de los procesos se encuentran en los respectivos mapas de riesgo publicados en el listado temático de Administración del Riesgo MinDeporte, en la categoría "Mapa de Riesgos por Proceso 2020 que se ubica en el módulo "Documentación" de isolución y en el mapa de riesgos institucional de corrupción publicado en la ruta https://www.mindeporte.gov.co/index.php?idcategoria=97304 de la pagina web. | H9: =+F9 -> 0.33 | I9: El porcentaje de avance corresponde a la actualización de los riesgos de corrupción al corte del primer cuatrimestre (corte 30-abr-2020).
B10: Desarrollar un ejercicio participativo a nivel interno, para la definición y establecimiento del contexto institucional como insumo para fortalecer el proceso de identificación y actualización de los riesgos de corrupción a gestionar en la vigencia 2021. | C10: Contexto Institucional Actualizado | D10: Líderes de Proceso / Oficina Asesora de Planeación | E10: 44180 | F10: 0 | G10: En el periodo objeto de seguimiento no se generaron avances de esta actividad, teniendo en cuenta que esta programada hasta el 15 de diciembre de 2020. | H10: =+F10 -> 0 | I10: Sin observación
A11: Subcomponente - Proceso 3: Consulta y Divulgación | B11: Publicar el Mapa de Riesgos institucional de Corrupción de la vigencia 2020. | C11: Publicación en pagina web | D11: Oficina Asesora de Planeación | E11: 43861 | F11: 1 | G11: Con corte al 31 de enero de 2020, se publicó el mapa de riesgos institucional de corrupción que incluía los riesgos de corrupción de los procesos Gestión TIC´s, Gestión de Comunicaciones, Gestión Jurídica, Altos Logros y Segumiento y Evaluación de la gestión, lo cuales fueron identificados y remitidos oportunamente a la Oficina Asesora de Planeación. | H11: =+F11 -> 1 | I11: Sin observación
B12: Realizar la (las) actualizaciones de la publicación del mapa de riesgos institucional de corrupción cuando sea requerido a partir de los resultados de la aplicación del plan de tratamiento de riesgos. | C12: Publicación en pagina web | D12: Oficina Asesora de Planeación | E12: 44180 | F12: 0.33 | G12: Se actualizó la publicación del mapa de riesgos institucional de corrupción en el línk https://www.mindeporte.gov.co/index.php?idcategoria=97304 de transparencia de la página web, en el cual se incluyen los riesgos de corrupción de los procesos: Gestión TIC´s, Altos Logros, Seguimiento y Evaluación a la Gestión, Gestión de Comunicaciones, Gestión Jurídica, Inspección Vigilancia y Control, Gestión Financiera y Tesorería, Gestión de Talento Humano, Apoyo a la Infraestructura Técnica y Científica, Servicio Integral al Ciudadano, Adquisición de Bienes y Servicios, Fomento al Desarrollo humano y Social, Gestión Documental y Gestión de Recursos Fisicos, que presentaron sus riesgos durante los meses de febrero a abril de 2020. | H12: =+F12 -> 0.33 | I12: El porcentaje de avance corresponde a la actualización de los riesgos de corrupción al corte del primer cuatrimestre (corte 30-abr-2020).
A13: Subcomponente - Proceso 4: Monitoreo o revisión | B13: Realizar el monitoreo y el reporte de avances en la administración de los riesgos por proceso de la Entidad. | C13: Mapa de riesgos con el reporte de monitoreo cuatrimestral | D13: Líderes de Proceso | E13: 24-04-2020 21-08-2020 11-12-2020 | F13: 0.33 | G13: Los reportes de monitoreo de los procesos de la Entidad correspondiente al primer cuatrimestre de 2020, se encuentran descritos en los respectivos mapas de riesgo, cargados en el listado temático de Administración del Riesgo en el Módulo Documentación - Listado Temático. | H13: =+'4.1RC'!C17 -> 0.33 | I13: Sin observación
B14: Realizar el seguimiento al monitoreo reportado por las líderes de los procesos. | C14: Consolidado de monitoreo cuatrimestral realizado por los procesos | D14: Oficina Asesora de Planeación | E14: 06-05-2020 03-09-2020 16-12-2020 | F14: 0.33 | G14: La Oficina Asesora de Planeación efectuó el seguimiento a monitoreo de los riesgos de los procesos para el primer cuatrimestre de 2020 y se efectuaron las respectivas retroalimentaciones a los reportes presentados por los líderes de proceso, en aras de garantizar la coherencia entre las actividades de control definidas con los avances desciritos y las evidencias aportadas. | H14: =+F14 -> 0.33 | I14: El porcentaje de avance corresponde al monitoreo del primer cuatrimestre del 2020 (corte 30 de abril).
A15: Subcomponente -Proceso 5: Seguimiento | B15: Realizar seguimiento al Mapa de Riesgos de Corrupción de la vigencia 2020 cada cuatrimestre del año, emitir y publicar informes. | C15: Dos (2) Informes | D15: Oficina de Control Interno | E15: 15-05-2020 14-09-2020 | F15: 0 | G15: De acuerdo con lo establecido en el Plan Anual de Auditoria Interna de la vigencia 2020 aprobado por el Comité Institucional de Coordinación de Control Interno y lo indicado en el documento Estrategias para la Construcción del Plan Anticorrupción y de Atención al Ciudadano de la Presidencia de la República, la OCI está realizando el primer seguimiento al Mapa de Riesgos de Corrupción correspondiente al primer cuatrimestre 2020, cuyos resultados se emitiran y publicaran a mas tardar el decimo día hábil del mes de mayo de 2020. Teniendo en cuenta lo anterior y la meta establecida, el avance corresponde a un 0%. | H15: =+F15 -> 0 | I15: Sin observación
F16: =AVERAGE(F5:F15) -> 0.57454545 | H16: =AVERAGE(H5:H15) -> 0.57454545

Sheet 4.1RC
A1: N° | B1: Proceso | C1: Informe de monitoreo MRC 2020
C2: corte 30-abr (33%) | D2: corte 31-ago (33%) | E2: corte 31-dic (33%) | F2: % avance
A3: 1 | B3: Gestión de Comunicaciones | C3: 0.33 | F3: =SUM(C3:E3) -> 0.33
A4: 2 | B4: Inspección, Vigilancia y Control | C4: 0.33 | F4: =SUM(C4:E4) -> 0.33
A5: 3 | B5: Fomento al Desarrollo Humano y Social | C5: 0.33 | F5: =SUM(C5:E5) -> 0.33
A6: 4 | B6: Altos Logros | C6: 0.33 | F6: =SUM(C6:E6) -> 0.33
A7: 5 | B7: Apoyo en Infraestructura Técnica y Científica | C7: 0.33 | F7: =SUM(C7:E7) -> 0.33
A8: 6 | B8: Servicio Integral al Ciudadano | C8: 0.33 | F8: =SUM(C8:E8) -> 0.33
A9: 7 | B9: Gestión de Tecnologías de la Información y las Comunicaciones | C9: 0.33 | F9: =SUM(C9:E9) -> 0.33
A10: 8 | B10: Gestión del Talento Humano | C10: 0.33 | F10: =SUM(C10:E10) -> 0.33
A11: 9 | B11: Gestión Documental | C11: 0.33 | F11: =SUM(C11:E11) -> 0.33
A12: 10 | B12: Adquisición de Bienes y Servicios | C12: 0.33 | F12: =SUM(C12:E12) -> 0.33
A13: 11 | B13: Gestión Financiera y Tesorería | C13: 0.33 | F13: =SUM(C13:E13) -> 0.33
A14: 12 | B14: Gestión Jurídica | C14: 0.33 | F14: =SUM(C14:E14) -> 0.33
... A16: 14 | B16: Seguimiento y Evaluación de la Gestión | C16: 0.33 | F16: =SUM(C16:E16) -> 0.33
B17: Cumplimiento | C17: =AVERAGE(C3:C16) -> 0.33 | D17: =AVERAGE(D3:D16) -> #DIV/0! | E17: =AVERAGE(E3:E16) -> #DIV/0! | F17: =SUM(C17:E17) -> #DIV/0!

Sheet 2.Racionalización
A2: PLAN ANTICORRUPCIÓN Y DE ATENCIÓN AL CIUDADANO 2020
A3: 2. Racionalización de Trámites | F3: Seguimiento Primera Línea de Defensa Primer Cuatrimestre 2020 | H3: Seguimiento Tercera Línea de Defensa Primer Cuatrimestre 2020 | J3: Seguimiento Primera Línea de Defensa Segundo Cuatrimestre | L3: Seguimiento Tercera Línea de Defensa Segundo Cuatrimestre | N3: Seguimiento Primera Línea de Defensa Tercer Cuatrimestre | P3: Seguimiento Tercera Línea de Defensa Tercer Cuatrimestre
A4: Subcomponente | B4: Acción | C4: Meta o producto | D4: Responsable | E4: Fecha programada | F4: Avance Cuantitativo | G4: Avance Cualitativo | H4: Avance Cuantitativo OCI | I4: Observaciones OCI | J4: Avance Cuantitativo | K4: Avance Cualitativo | L4: Avance Cuantitativo OCI | M4: Observaciones OCI | N4: Avance Cuantitativo | O4: Avance Cualitativo | P4: Avance Cuantitativo OCI | Q4: Observaciones OCI
A5: Subcomponente 1: Identificación de Trámites | B5: Realizar el Diagnóstico de los trámites y servicios en línea ofrecidos por el Ministerio del Deporte | C5: Un Documento de Diagnostico Realizado | D5: Oficina Asesora de Planeación y Líderes de Proceso | E5: 43966 | F5: 0.83 | G5: Se realizó mesa de trabajo en 24 de abril con los diferentes enlaces de trámites y servicios donde se definió una matriz de diagnóstico como base para definir la Estrategia de Racionalización de Trámites. Se recibió reporte de la Dirección de Posicionamiento y el GIT de TICs (soporte acta de reunión). | H5: =+F5 -> 0.83 | I5: De acuerdo con la réplica realizada por la Oficina Asesora de Planeación y los soportes aportados, se ajusta el avance de la presente actividad.
A6: Subcomponente 2: Priorización de Trámites | B6: Formular la Estratégia Antitrámites de Acuerdo con los resultados obtenidos en el diagnostico | C6: Una Estrategía Antitrámites Formulada | D6: Oficina Asesora de Planeación y Líderes de Proceso | E6: 43980 | F6: 0.2 | G6: Del resultado de la matriz de diagnóstico la OAP junto con TICs evaluo en mesa de trabajo la viabilidad de sistematización y priorización de trámites. Se recibió reporte de la Dirección de Posicionamiento y Liderazgo. (Se adjunta acta de reunión y se espera presentar la Estrategia Antitrámites formalmente) | H6: 0 | I6: La gestión reportada no permite inferir cumplimiento de la acción y de la meta establecida.
A7: Subcomponente 3: Racionalización de Trámites | B7: Ejecutar las actividades definidas en la Estrategia de Racionalización de Trámites. | C7: Actividades de la Estrategía Antitrámites Ejecutadas | D7: Oficina Asesora de Planeación y Líderes de Proceso | E7: 44180 | F7: 0 | G7: Se requiere tener la estrategia antitrámites para el proximo reporte. | H7: =+F7 -> 0 | I7: Sin Observación
F8: =AVERAGE(F5:F7) -> 0.34333333 | H8: =AVERAGE(H5:H7) -> 0.27666667

Sheet 3.Rendición de Cuentas
A2: PLAN ANTICORRUPCIÓN Y DE ATENCIÓN AL CIUDADANO 2020
A3: Componente 3: Rendición de cuentas | F3: Seguimiento Primera Línea de Defensa Primer Cuatrimestre 2020 | H3: Seguimiento Tercera Línea de Defensa Primer Cuatrimestre 2020 | J3: Seguimiento Primera Línea de Defensa Segundo Cuatrimestre | L3: Seguimiento Tercera Línea de Defensa Segundo Cuatrimestre | N3: Seguimiento Primera Línea de Defensa Tercer Cuatrimestre | P3: Seguimiento Tercera Línea de Defensa Tercer Cuatrimestre
A4: Subcomponente | B4: Acción | C4: Meta o producto | D4: Responsable | E4: Fecha programada | F4: Avance Cuantitativo | G4: Avance Cualitativo | H4: Avance Cuantitativo OCI | I4: Observaciones OCI | J4: Avance Cuantitativo | K4: Avance Cualitativo | L4: Avance Cuantitativo OCI | M4: Observaciones OCI | N4: Avance Cuantitativo | O4: Avance Cualitativo | P4: Avance Cuantitativo OCI | Q4: Observaciones OCI
A5: Subcomponente 1 Información de calidad y en lenguaje comprensible | B5: Realizar la actualización del procedimiento de caracterización de ciudadanos, con el fin de incluir aspectos del MURC y aspectos relevantes para el desarrollo de ejercicios de participación. | C5: Un (1) Procedimiento para la identificación de los Grupo de Valor del Ministerio del Deporte | D5: G.I.T Servicio Integral al Ciudadano. | E5: 43951 | F5: 0.7 | G5: Se realizó el ajuste al documento del procedimiento de caracterización de ciudadanos y se remitió para flujo de aprobación. A la fecha de corte del seguimiento, el documento se encuentra en trámite de revisión y aprobación. Se adjunta evidencia de mail de revisión, así como el documento borrador del procedimiento actualizado. | H5: =+F5 -> 0.7 | I5: A la fecha del presente seguimiento esta actividad, esta vencida y sin completar.
B6: Realizar el ejercicio de caracterización de los ciudadanos, usuarios y grupos de interés, de la vigencia 2019. | C6: Un (1)documento de Caracterización actualizadas de los Grupos de valor del ministerio. | D6: Todos los GIT MinDeporte, bajo la articulación de G.I.T Servicio Integral al Ciudadano. | E6: 44012 | F6: 0 | G6: En el primer trimestre se han realizado 22 acompañamientos a ejercicios de caracterización 2018, cuyos informes se encuntran publicados en la pagina web de la entidad en https://www.mindeporte.gov.co/index.php?idcategoria=94157&pag=1 Aun se encuentran pendientes los ejercicios de caracterización 2019. | H6: =+F6 -> 0 | I6: Sin observación
B7: Institucionalizar los mecanismos y medios de comunicación con la ciudadania y los grupos de valor del Ministerio. | C7: Una (1)Estrategia de Rendición de cuentas | D7: Comité de Gestion y Desempeño | E7: 43951 | F7: 1 | G7: Se definieron los mecanismos de Rendición de Cuentas de la entidad y la estrategia de comunicaciones, los cuales hacer parte de la Estrategia de Rendición de Cuentas la cual se encuentra publicada en la página web: https://www.mindeporte.gov.co/recursos_user/2020/Planeaci%C3%B3n/Abril/Estrategia_de_rendici%C3%B3n_de_cuentas.pdf | H7: =+F7 -> 1 | I7: Sin observación
B8: Informar a la ciudadanía sobre los proyectos y las actividades misionales del Ministerio del Deporte de acuerdo con las funciones otorgadas por Ley, para la vigencia 2020. | C8: Campaña a través de redes sociales para informar a la ciudadanía sobre los proyectos de las áreas misionales proyectados en la vigencia 2020. | D8: GIT Comunicaciones | E8: 44165 | F8: 0.34 | G8: Se han publicado 29 piezas de IVC y 11 de Fomento y Desarrollo en las distintas redes sociales del Ministerio. | H8: 0.33 | I8: El porcentaje de avance corresponde al monitoreo del primer cuatrimestre del 2020 (corte 30 de abril), dado que no existe indicador objetivo que permita su medición acumulada.
A9: Subcomponente 2. Dialogo de doble vía con la ciudadania y sus organizaciones. | B9: Realizar la consulta a los grupos de valor para la definición de los temas sobre los cuales abordar la rendición de cuentas. | C9: Un foro con los grupos de valor | D9: GIT Servicio Integral al Ciudadano . GIT Comunicaciones con el apoyo de todos los GIT de MinDeporte. | E9: 43889 | F9: 1 | G9: Se publicó en la página web y se envío por correo interno el Foro: 44 personas participaron, los temas que quieren tratar en la Audiencia son: Programas de recreación, actividad física, deporte escolar y deporte social comunitario e Inversión en infraestructura deportiva. | H9: =+F9 -> 1 | I9: Sin observación
B10: Realizar la Audiencia Pública de Rendición de Cuentas de la Vigencia 2019 | C10: Una (1)Audiencia Pública | D10: Todas las Areas del Ministerios / Lidera Oficina Asesora de Planeación y G.I.T Comunicaciones | E10: 44012 | F10: 0 | G10: La Audiencia pública se realizará en próximo cuatrimestre | H10: =+F10 -> 0 | I10: Sin observación
B11: Implementar mecanismos de información para la participación de los grupos de valor caracterizados y la ciudadanía | C11: Diseñar e implementar el plan de comunicaciones para la Estrategia de Rendición de Cuentas de la vigencia. | D11: GIT Comunicaciones/ Oficina Asesora de Planeacion/ Oficina Asesora de Planeación | E11: 43951 | F11: 1 | G11: Se definió el Plan de Comunicaciones y se incluyó dentro del la Estrategia de Rendición de Cuentas, la cual se encuentra publicada en la pag web: https://www.mindeporte.gov.co/recursos_user/2020/Planeaci%C3%B3n/Abril/Estrategia_de_rendici%C3%B3n_de_cuentas.pdf | H11: =+F11 -> 1 | I11: Sin observación
B12: Generar espacios de Rendición de cuentas /masivos regionales y locales. | C12: Difusión y socialización de las convocatorias sobre ejercicios de rendición de cuentas | D12: GIT Comunicaciones | E12: 44180 | F12: 0 | G12: No se realizó gestión en el primer cuatrimestre | H12: =+F12 -> 0 | I12: Sin observación
C13: Socialización y publicación de los informes sobre las conclusiones generadas en cada encuentro de diálogo con los grupos de valor. | D13: GIT Comunicaciones | E13: 44180 | F13: 0 | G13: No se realizó gestión en el primer cuatrimestre | H13: =+F13 -> 0 | I13: Sin observación
C14: Espacios de socialización e interacción con la ciudadanía dispuestos desde las plataformas y canales electrónicos del Ministerio | D14: GIT Comunicaciones | E14: 44180 | F14: 0 | G14: No se realizó gestión en el primer cuatrimestre | H14: =+F14 -> 0 | I14: Sin observación
A15: Subcomponente 3 Incentivos para motivar la cultura de la rendición y petición de cuentas | B15: Realizar campañas de comunicación interna sobre la interiorización e importancia de la Rendición de Cuentas | C15: Dos (2) campañas realizadas | D15: Oficina Asesora de Planeación / GIT Comunicaciones | E15: 44180 | F15: 0.33 | G15: Se han publicado 3 piezas gráficas de comunicación de la campaña N° 1 de Rendición de Cuentas | H15: =+F15 -> 0.33 | I15: Sin observación
A16: Subcomponente 4 Evaluación y retroalimentación a la gestión institucional | B16: Consolidar y publicar el informe de acciones de la audiencia pública | C16: Un (1) Informe publicado y socializado | D16: GIT Comunicaciones | E16: 44012 | F16: 0 | G16: No se realizó gestión en el primer cuatrimestre | H16: =+F16 -> 0 | I16: Sin observación
B17: Seguimiento y evaluación de la Estratégia de rendición de cuentas | C17: Un (1) informe de Seguimiento de la estratégia de Rendición de Cuentas | D17: Oficina Asesora de Planeación | E17: 44180 | F17: 0 | G17: Se definió la Estrsategia de Rendición de Cuentas, la cual se encuentra publicada en la pagina web: https://www.mindeporte.gov.co/recursos_user/2020/Planeaci%C3%B3n/Abril/Estrategia_de_rendici%C3%B3n_de_cuentas.pdf | H17: =+F17 -> 0 | I17: Sin observación
B18: Hacer seguimiento a las observaciones de los informes de Gestión presentados en la Audiencia publica. | C18: Un (1)Informe de Seguimiento despues de la audiencia publica | D18: Dependencias a quien corresponda las observaciones/ Oficina Asesora de Planeación | E18: 44180 | F18: 0 | G18: Una vez realizada la audiencia, se realizará el informe pertinente | H18: =+F18 -> 0 | I18: Sin observación
B19: Elaborar y publicar el informe de rendición de cuentas de la vigencia 2019 de los compromisos adquiridos y acciones realizadas en el marco del Acuerdo de Paz. | C19: Un (1)Informe de Seguimiento a los Acuerdos de Paz | D19: Oficina Asesora de Planeación | E19: 43920 | F19: 1 | G19: Se realizó el informe de Rendición de Cuentas de las acciones realizadas en el marco del Acuerdo de Paz de la vigencia 2019 y se encuentra publicado en el link de transparencia: https://www.mindeporte.gov.co/recursos_user/2020/Planeaci%C3%B3n/Informe_RC_Acuerdos_de_Paz.pdf | H19: =+F19 -> 1 | I19: Sin observación
B20: Seguimiento a los avances de las acciones realizadas durante el año 2020 relacionados con la implementación del Acuerdo de Paz asignados al Ministerio del Deporte. | C20: Un (1)Informe de Seguimiento a los avances del Acuerdos de Paz | D20: Oficina Asesora de Planeación | E20: 44196 | F20: 0 | G20: Para el primer cuatrimestre de 2020 el Ministerio del Deporte se encuentra en la evaluación y revisión de proyectos para la cofinanciación de infraestructura recreo deportiva en municipios PDET. Una vez sea superada la emergencia de salud en la que nos encontramos se continuara con las actividades relacionadas al cumplimiento de indicadores PMI. | H20: =+F20 -> 0 | I20: Sin observación
B21: Evaluar las actividades suscritas en el componente de rendición de cuentas en el marco del seguimiento al Plan Anticorrupción y de Atención al Ciudadano. | C21: Dos (2) Informes | D21: Oficina de Control Interno | E21: 15/05/2020 14/09/2020 | F21: 0 | G21: De acuerdo con lo establecido en el Plan Anual de Auditoria Interna de la vigencia 2020 aprobado por el Comité Institucional de Coordinación de Control Interno y lo indicado en el documento Estrategias para la Construcción del Plan Anticorrupción y de Atención al Ciudadano de la Presidencia de la República, la OCI está realizando el primer seguimiento al Plan Anticorrupción y de Atención al Ciudadano 2020 correspondiente al primer cuatrimestre 2020, cuyos resultados se emitiran y publicaran a mas tardar el decimo día hábil del mes de mayo de 2020. Teniendo en cuenta lo anterior y la meta establecida, el avance corresponde a un 0%. | H21: =+F21 -> 0 | I21: Sin observación
F22: =AVERAGE(F5:F21) -> 0.31588235 | H22: =AVERAGE(H5:H21) -> 0.31529412

Sheet 4.Atencion al Ciudadano
A2: PLAN ANTICORRUPCIÓN Y DE ATENCIÓN AL CIUDADANO 2020
A3: Componente 4: Atención al ciudadano | F3: Seguimiento Primera Línea de Defensa Primer Cuatrimestre 2020 | H3: Seguimiento Tercera Línea de Defensa Primer Cuatrimestre 2020 | J3: Seguimiento Primera Línea de Defensa Segundo Cuatrimestre | L3: Seguimiento Tercera Línea de Defensa Segundo Cuatrimestre | N3: Seguimiento Primera Línea de Defensa Tercer Cuatrimestre | P3: Seguimiento Tercera Línea de Defensa Tercer Cuatrimestre
A4: Subcomponente | B4: Acción | C4: Meta o producto | D4: Responsable | E4: Fecha programada | F4: Avance Cuantitativo | G4: Avance Cualitativo | H4: Avance Cuantitativo OCI | I4: Observaciones OCI | J4: Avance Cuantitativo | K4: Avance Cualitativo | L4: Avance Cuantitativo OCI | M4: Observaciones OCI | N4: Avance Cuantitativo | O4: Avance Cualitativo | P4: Avance Cuantitativo OCI | Q4: Observaciones OCI
A5: Subcomponente 1 Estructura administrativa y Direccionamiento estratégico | B5: Diseñar el modelo para el desarrollo de la Cultura de Servicio en el Ministerio del Deporte 2019-2022 | C5: (1)Documento del diseño del modelo | D5: GIT Servicio Integral al Ciudadano | E5: 44073 | F5: 0 | G5: A la fecha del seguimento, se encuentra en elaboración el modelo para el desarrollo de la cultura de servicio | H5: =+F5 -> 0 | I5: Sin observación
A6: Subcomponente 2 Fortalecimiento de los canales de atención | B6: Generar acciones en busca de mejoras, a los sistemas de información; que permitan el seguimiento a peticiones incompletas y a negaciones de acceso a la información.. | C6: Dos (2)mejoras implementadas en GESDOC | D6: GIT Servicio Integral al Ciudadano / GIT Gestión Administrativa | E6: 44011 | F6: 1 | G6: Dada la solicitud insistinte al GIT TICS de la armonización entre el sistema PQR y el sistema GESDOC, desde 2020 el GIT TICS gestionó que: 1) las peticiones y solicitudes que se recepcionen via página web se integren desde su creación al sistema GESDOC. 2) Establecer un tablero de control de peticiones desde el sistema GESDOC para realizar seguimiento a trámite de peticiones de manera más ágil al estar reposando la información en un sistema unico. Se adjunta evidencia de pantallazo del nuevo formulario para peticiones, y del tablero de control que existe en el GESDOC para PQRDS (se accede desde página principal - Radicación - pqrds). | H6: =+F6 -> 1 | I6: Sin observación
B7: Realizar la actualización y publicación de la carta del trato digno. | C7: Un documento actualizado y publicado en la página web | D7: GIT Servicio Integral al Ciudadano | E7: 43981 | F7: 1 | G7: Se realizó la actualización y publicación de la Carta de Trato Digno al Ciudadano 2020. La consulta puede realizarse en https://www.mindeporte.gov.co/index.php?idcategoria=65591 | H7: =+F7 -> 1 | I7: Sin observación
B8: Diseñar y aplicar una encuesta de percepción de calidad, sobre Transparencia y acceso a la información en su sitio Web oficial | C8: Un informe de los resultados de la aplicación de la encuesta | D8: GIT Servicio Integral al Ciudadano | E8: 44073 | F8: 0.4 | G8: Se diseñó la Encuesta de percepción y acceso a la información pública, la cual se encuentra publicada en la página web en https://www.mindeporte.gov.co/index.php?idcategoria=95933. En el transcurso del año se aplicará y se diseñará el informe producto de los resultados que arroje la misma. | H8: =+F8 -> 0.4 | I8: Sin observación
A9: Subcomponente 3 Talento Humano y Atención al ciudadano | B9: Presentar los informes trimestrales sobre la gestión de los de derechos de petición y el servicio al ciudadano de la Entidad a la oficina de control interno de acuerdo a lo definido en la ley 191 de 1995 | C9: Cuatro (4) informes de gestión presentados | D9: GIT Servicio Integral al Ciudadano | E9: 44180 | F9: 0 | G9: A la fecha de seguimiento no se ha publicado informe trimestral enero-marzo de 2020 | H9: =+F9 -> 0 | I9: Sin observación
B10: Desarrollar acciones de capacitación y sensibilización sobre los principios, responsabilidades y objetivos de la ley de transparencia y acceso a la información pública, asi como en el componente de cultura de servicio integral al ciudadano. | C10: Dos (2) capacitaciones realizadas | D10: GIT Servicio Integral al Ciudadano | E10: 44135 | F10: 0 | G10: A la fecha del seguimiento no se han realizado capacitaciones al respecto | H10: =+F10 -> 0 | I10: Sin observación
B11: Elaborar, de manera coordinada con las distintas dependencias, el Calendario de eventos del Ministerio en la vigencia 2020, para efectos de su publicación en página web. | C11: Un calendario de eventos publicado en la pagina web | D11: GIT Servicio Integral al Ciudadano/ GIT Comunicaciones | E11: 44012 | F11: 0.34 | G11: GIT SERVICIO AL CIUDADANO A la fecha del seguimiento no se ha elaborado el calendario de eventos, dada la incertidumbre existente con relación a la posibilidad de desarrollar las acciones planificadas por las dependencias GIT COMUNICACIONES: Se publicó el calendario de Posicionamiento y Liderazgo Deportivo https://www.mindeporte.gov.co/index.php?idcategoria=91116&ne&inf=0 | H11: =+F11 -> 0.34 | I11: De acuerdo con la réplica recibida del GIT de Comunicaciones, se realiza ajuste del porcentaje de avance de acuerdo con lo reportado por el responsable.
B12: Realizar la actualización y publicación del Plan de Participación Ciudadana y sus estrategias, de acuerdo a los resultados de la caracterización y al Plan de Acción de la entidad para la vigencia | C12: Un plan de participación actualizado y publicado en la página web | D12: GIT Servicio Integral al Ciudadano | E12: 44012 | F12: 0.6 | G12: A la fecha del seguimiento se realizaron mesas de trabajo con las dependencias para la construcción de las actividades a programar en el plan de participación. Se actualizó y consolidó el documento, se han hecho ajustes con base en las revisiones realizadas por secretaría general y mediante correo electrónico del 22 de abril fue remitido a la oficina de planeación para su programación dentro de la agenda del comité de gestión y desempeño de la entidad, para aprobación. Este comité esta programado para el 29 de abril de 2020. Una vez aprobado el plan, se realizará su publicación. Se adjunta evidencia de documento de plan de participación, matriz de ejercicios de participación para 2020 y mail de programación en el comité de gestión y desempeño para aprobación en sesión del 29 de abril 2020 | H12: =+F12 -> 0.6 | I12: Sin observación
B13: Desarrollar los ejercicios de participación ciudadana establecidos en el Plan de Participación Ciudadana de la entidad. | C13: Un (1) Informe de seguimiento y reporte de resultados ejercicios de Participación Ciudadana . | D13: GIT responsables de ejercicios de participación en el Plan de Participación Ciudadana bajo la articulación de G.I.T Servicio Integral al Ciudadano. | E13: 44180 | F13: 0 | G13: Se han realizado actividades registradas en el plan de participación, las cuales solo serán reportadas de manera formal, una vez se encuentre aprobado el mismo. | H13: =+F13 -> 0 | I13: Sin observación
B14: Diseñar e implementar espacios de participación para la construcción del Plan de Acción 2021 de la entidad, en conjunto con los GIT Atención al ciudadano y Comunicaciones | C14: Un (1) foro realizado | D14: Oficina Asesora de Planeación | E14: 44165 | F14: 0 | G14: Está actividad se realizará en el segundo semestre de 2020. | H14: =+F14 -> 0 | I14: Sin observación
A15: Subcomponente 4 Normativo y Procedimental | B15: Realizar la actualización del procedimiento de Recepción, Trámite y seguimiento de los derechos de petición. | C15: (1)Procedimiento actualizado en ISOLUCION | D15: GIT - Servicio Integral al Ciudadano | E15: 43981 | F15: 1 | G15: El procedimiento SI-PD-004 fue actualizado y el flujo de aprobación en isolucion culminó con éxito el 23 de abril, por lo que la version 5 del procedimiento ya está disponible en isolucion para su consulta. | H15: =+F15 -> 1 | I15: Sin observación
A16: Subcomponente 5 Relacionamiento con el ciudadano | B16: Capacitar a los grupos de valor con el propósito de cualificar los procesos de participación ciudadana y fomentar el control social a la gestión pública. | C16: Una (1) capacitación realizada | D16: GIT Servicio Integral al Ciudadano | E16: 44104 | F16: 0 | G16: A la fecha del siguimiento no se han realizado capacitaciones al respecto | H16: =+F16 -> 0 | I16: Sin observación
B17: Divulgar la Política de Tratamiento de datos personales. | C17: un (1) banner de la Política de Tratamiento de Datos Personales publicado en pagina web. | D17: GIT Servicio Integral al Ciudadano/ GIT Comunicaciones | E17: 44104 | F17: 0 | G17: A la fecha del seguimiento no se ha realizado la divulgación de la politica de tratamiento de datos personales actualizada, dado que está pendiente la actualización por parte de la Oficina Juridica | H17: =+F17 -> 0 | I17: Sin observación
B18: Medir la percepción de la calidad en el servicio en los diferentes procesos, proyectos, actividades y eventos institucionales, de acuerdo al calendario de eventos de la entidad | C18: Un (1) Informe de la percepción de la calidad en el servicio . | D18: Todos los GIT de MinDeporte bajo la articulación de G.I.T Servicio Integral al Ciudadano.. | E18: 44180 | F18: 0.25 | G18: A la fecha del seguimento, se han realizado dos mediciones de percepeción de la calidad en el servicio así: *IPC Mindeporte en las Regiones Apartadó *IPC Mindeporte en las Regiones Riohacha Consulta en: https://www.mindeporte.gov.co/index.php?idcategoria=97522 | H18: =+F18 -> 0.25 | I18: Sin observación
F19: =AVERAGE(F5:F18) -> 0.32785714 | H19: =AVERAGE(H5:H18) -> 0.32785714

Sheet 5.Transparencia 
A2: PLAN ANTICORRUPCIÓN Y DE ATENCIÓN AL CIUDADANO 2020
A3: Componente 5: Transparencia y Acceso a la información | F3: Seguimiento Primera Línea de Defensa Primer Cuatrimestre 2020 | H3: Seguimiento Tercera Línea de Defensa Primer Cuatrimestre 2020 | J3: Seguimiento Primera Línea de Defensa Segundo Cuatrimestre | L3: Seguimiento Tercera Línea de Defensa Segundo Cuatrimestre | N3: Seguimiento Primera Línea de Defensa Tercer Cuatrimestre | P3: Seguimiento Tercera Línea de Defensa Tercer Cuatrimestre
A4: Subcomponente | B4: Acción | C4: Meta o producto | D4: Responsable | E4: Fecha programada | F4: Avance Cuantitativo | G4: Avance Cualitativo | H4: Avance Cuantitativo OCI | I4: Observaciones OCI | J4: Avance Cuantitativo | K4: Avance Cualitativo | L4: Avance Cuantitativo OCI | M4: Observaciones OCI | N4: Avance Cuantitativo | O4: Avance Cualitativo | P4: Avance Cuantitativo OCI | Q4: Observaciones OCI
A5: Subcomponente 1 Lineamientos de Transparencia Activa | B5: Establecer un plan de trabajo en cumplimiento a los lineamientos de Transparencia y Activa, incluyendo acciones encaminadas a la prevención de actos de corrupción en la entidad. | C5: (1) Plan de Trabajo. | D5: Oficina Asesora de Planeación | E5: 43981 | F5: 1 | G5: Se realizó cronograma donde está incluido el Plan de Trabajo en cumplimiento a los lineamientos de Transparecia Activa | H5: =+F5 -> 1 | I5: De acuerdo con la réplica realizada por la Oficina Asesora de Planeación y los soportes aportados, se ajusta el avance de la presente actividad. No obstante se aclara que verificado el contenido del Plan de Trabajo no se encontraron acciones encaminadas a la prevención de actos de corrupción en la entidad, tal como se estableció en la acción.
B6: Generar procedimiento para definir el alcance y directrices a seguir en cuanto a capacitación, actualización, definición de canales e instrumentos a utilizar de manera clara y accesible a los grupos de interés. | C6: (1)Procedimiento. | D6: Oficina Asesora de Planeación | E6: 43981 | F6: 0 | G6: Está en proceso de formulación el procedimiento para establecer el alcance y las directrices de transparecia y acceso a la información pública de Mindeporte | H6: =+F6 -> 0 | I6: Sin observación
B7: Actualizar la matriz de publicación de información (Esquema de Información) por dependencia y área responsable. | C7: Matriz actualizada | D7: Oficina Asesora de Planeación / GIT Comunicaciones | E7: 44012 | F7: 0.33 | G7: Se actualizó la matriz de publicación (modelo procuraduría 2020 estableciendo los cambios y actualizaciones a desarrollar frente a lo publicado en la página institucional) | H7: =+F7 -> 0.33 | I7: De acuerdo con la réplica recibida del GIT de Comunicaciones, se realiza ajuste del porcentaje de avance de acuerdo con lo reportado por el responsable.
B8: Realizar seguimiento y monitoreo a la información mínima que debe estar publicada en la sección de transparencia y acceso a la información pública de acuerdo a lo definido en la ley 1712 de 2014 y sus decretos reglamentarios. | C8: Seguimiento realizado | D8: Oficina Asesora de Planeación / GIT Comunicaciones | E8: 44180 | F8: 0.33 | G8: Se han realizado 157 actualizaciones, producto de las 8 reuniones que se llevaron a cabo con los enlaces de las diferentes áreas de la entidad. https://docs.google.com/spreadsheets/d/1cvVWelTbxzekOyT4gmWacayeUKSLnH7nzzsZcWHeYMU/edit#gid=1352757818 Se realizó un informe de resutados de cumplimiento a la Ley de Transparecia | H8: =+F8 -> 0.33 | I8: El porcentaje de avance corresponde al monitoreo del primer cuatrimestre del 2020 (corte 30 de abril).
A9: Subcomponente 2 Lineamientos de Transparencia Pasiva | B9: Presentar los informes trimestrales sobre la gestión de los de derechos de petición y el servicio al ciudadano de la Entidad a la oficina de control interno de acuerdo a lo definido en la ley 191 de 1995 | C9: Cuatro (4) informes de gestión presentados | D9: GIT Servicio Integral al Ciudadano | E9: 06-05-2020 03-09-2020 16-12-2020 | F9: 0 | G9: A la fecha del reporte no se ha generado el informe de gestión de los derechos de petición del primer trimestre | H9: =+F9 -> 0 | I9: Sin observación
A10: Subcomponente 3 Elaboración los Instrumentos de Gestión de la Información | B10: Realizar la Actualización de la Politica de Seguridad de la Información | C10: Política Actualizada | D10: G.I.T TICS | E10: 44104 | F10: 0.8 | G10: Se presentara la política de seguridad digital en el Comité de gestión y desempeño que se realizara en el mes de abril , para aprobación y posterior publicación. | H10: =+F10 -> 0.8 | I10: Sin observación
B11: Elaboración y publicación matriz activos de información . | C11: Elaboración y publicación matriz activos de información | D11: GIT de Gestión Documental | E11: 44180 | F11: 0 | G11: No se recibió la información por parte del responsable | H11: =+F11 -> 0 | I11: Sin observación
B12: Centralización de archivos de Gestión de acuerdo a las Tablas de Retención Documental. | C12: Formato Único de Inventario Documental. Informe . | D12: GIT de Gestión Documental | E12: 44180 | F12: 0 | G12: No se recibió la información por parte del responsable | H12: =+F12 -> 0 | I12: Sin observación
A13: Subcomponente 4. Criterio diferencial de accesibilidad. | B13: Mantener actualizado de manera permanente ,el portal del Ministerio del Deporte con los criterios de Accesibilidad definidos en la NTC 5854. | C13: Criterios de accesibilidad definidos y aplicados | D13: GIT Comunicaciones y GIT Tics | E13: 44180 | F13: 0.33 | G13: La página web cuenta con programas Jaws (convierte en voz), un botón para quienes son daltonicos, enlace al Centro de Relevo (personas sordas) permite a personas con discapacidades visuales, auditivas, de lenguaje con el fin de que estas puedan entender, navegar e interactuar en el sitio, con facilidad y total entendimiento del contenido. Se está en el proceso de elaboración de estudios previos para contratar el soporte y mantenimiento del portal del Ministerio del Deporte. | H13: =+F13 -> 0.33 | I13: El porcentaje de avance corresponde al monitoreo del primer cuatrimestre del 2020 (corte 30 de abril).
A14: Subcomponente 5 Monitoreo del Acceso a la Información Pública | B14: Informar a la Alta Dirección los resultados del seguimiento al cumplimiento de publicación de información mínima | C14: Dos informes (corte feb y ago) | D14: Oficina de Control Interno | E14: 31/03/2020 30/09/2020 | F14: 0.25 | G14: En virtud de lo establecido en el Plan Anual de Auditoria Interna de la vigencia 2020 aprobado por el Comité Institucional de Coordinación de Control Interno el 19-mar-2020, el primer informe (en su versión preliminar) se remitió mediante memorando 2020IE0001324 del 15-abr-2020. Se esta a la espera de la respuesta de la réplica cuyo plazo vence el 22-abril-2020, para la emisión del informe final. Teniendo en cuenta lo anterior y la meta establecida, el avance a la fecha del reporte corresponde a un 25%, una vez se remita el informe final se logrará el 50% de la meta. | H14: =+F14 -> 0.25 | I14: Sin observación
F15: =AVERAGE(F5:F14) -> 0.304 | H15: =AVERAGE(H5:H14) -> 0.304

Sheet 6. Iniciativas adicionales.
A2: PLAN ANTICORRUPCIÓN Y DE ATENCIÓN AL CIUDADANO 2020
A3: Componente 6: Iniciativas Adicionales | F3: Seguimiento Primera Línea de Defensa Primer Cuatrimestre 2020 | H3: Seguimiento Tercera Línea de Defensa Primer Cuatrimestre 2020 | J3: Seguimiento Primera Línea de Defensa Segundo Cuatrimestre | L3: Seguimiento Tercera Línea de Defensa Segundo Cuatrimestre | N3: Seguimiento Primera Línea de Defensa Tercer Cuatrimestre | P3: Seguimiento Tercera Línea de Defensa Tercer Cuatrimestre
A4: Subcomponente | B4: Acción | C4: Meta o producto | D4: Responsable | E4: Fecha programada | F4: Avance Cuantitativo | G4: Avance Cualitativo | H4: Avance Cuantitativo OCI | I4: Observaciones OCI | J4: Avance Cuantitativo | K4: Avance Cualitativo | L4: Avance Cuantitativo OCI | M4: Observaciones OCI | N4: Avance Cuantitativo | O4: Avance Cualitativo | P4: Avance Cuantitativo OCI | Q4: Observaciones OCI
A5: Iniciativas adicionales | B5: Implementar Estrategia Pedagógica para fomentar la Transparencia e integridad de los funcionarios y contratistas .En el desarrollo de la operación del ministerio del deporte, lo anterior a traves de la socialización de reflexiones ,recomendaciones y buenas practicas en la conducta de los servidores. | C5: (7) piezas comunicativas enviadas por correo electrónico institucional "Entérate". | D5: Oficina Asesora Jurídica | E5: 29/05/2020 30/06/2020 31/07/2020 28/08/2020 30/09/2020 30/10/2020 30/11/2020 | F5: 0 | G5: No se reporta seguimiento teniendo en cuenta que las actividades inician a partir de 29/05/2020. | H5: =+F5 -> 0 | I5: Sin observación
F6: =+F5 -> 0 | H6: =+H5 -> 0
